 Dungeon Crawl Stone Soup version 0.30-a0-465-g8901f6c8b5 (webtiles) character file.

Game seed: 8678118338711127396

17878 arthad the Fighter (level 12, -1/90 HPs)
             Began as a Djinni Fire Elementalist on Dec 18, 2022.
             Was a High Priest of Makhleb.
             Slain by a shadow (20 damage)
             ... on level 11 of the Dungeon.
             The game lasted 00:49:35 (10610 turns).

arthad the Fighter (Djinni Fire Elementalist)      Turns: 10610, Time: 00:49:35

Health: -1/90      AC:  8    Str:  7    XL:     12   Next: 88%
Gold:   719        EV: 13    Int: 27    God:    Makhleb [*****.] SH: 11 Dex: 15

rFire   + + +      SeeInvis .    n - staff of fire
rCold   x . .      Faith    .    C - +0 kite shield
rNeg    . . .      Spirit   .    T - +0 acid dragon scales
rPois   ∞          Reflect  .    (no helmet)
rElec   .          Harm     .    F - +0 cloak {Stlth+}
rCorr   +          Rampage  .    (no gloves)
Will    +....                    (boots unavailable)
Stlth   +++.......               (no amulet)
HPRegen 0.35/turn                P - ring of protection from fire
MPRegen 0.00/turn                u - +6 ring of intelligence

@: attractive, flying, very slightly contaminated
A: sickness immunity, fire resistance 2, cold vulnerability 1, float, innate
caster, HP casting, extra vitality 1
a: Renounce Religion, Minor Destruction, Lesser Servant of Makhleb, Major
Destruction, Greater Servant of Makhleb


You were on level 11 of the Dungeon.
You worshipped Makhleb.
Makhleb was extremely pleased with you.
You visited 2 branches of the dungeon, and saw 12 of its levels.
You also visited: Sewer.

You collected 719 gold pieces.

Inventory:

Hand Weapons
 s - a +4 quarterstaff of chaos
 D - a +0 rapier
 J - a +0 mace of holy wrath
 M - a +3 hand axe of freezing
 O - a +4 shortbow
Missiles
 j - 5 atropa-tipped darts
 k - 18 poisoned darts
 q - 11 javelins
 I - 5 curare-tipped darts
Armour
 a - a +0 robe
 h - +0 steam dragon scales
 t - a +1 cloak
 y - the +1 ring mail "Ituc" {-Tele Will++ Int+4}
   (You found it on level 10 of the Dungeon)

   Int:       It affects your intelligence (+4).
   -Tele:     It prevents most forms of teleportation.
   Will:      It greatly increases your willpower.
 C - a +0 kite shield (worn)
 E - a +3 leather armour of positive energy
 F - a +0 cloak of stealth (worn)
 T - +0 acid dragon scales (worn)
Magical Staves
 n - a staff of fire (weapon)
 A - a staff of air
 L - a staff of cold
Jewellery
 g - a ring of resist corrosion
 u - a +6 ring of intelligence (right hand)
 P - a ring of protection from fire (left hand)
 Q - a ring of positive energy
Wands
 i - a wand of iceblast (12)
 r - a wand of light (1)
 N - a wand of flame (40)
 U - a wand of digging (6)
Scrolls
 d - 2 scrolls of magic mapping
 o - 2 scrolls of enchant armour
 p - 5 scrolls of teleportation
 v - a scroll of fear
 B - a scroll of torment
 G - a scroll of summoning
 H - 2 scrolls of noise
 K - a scroll of immolation
 R - 3 scrolls of vulnerability
Potions
 b - 3 potions of flight
 c - 3 potions of brilliance
 e - 13 potions of degeneration
 f - 2 potions of invisibility
 l - 4 potions of curing
 m - a potion of mutation {unknown}
 w - 2 potions of attraction
 x - 3 potions of haste
 z - 4 potions of might {unknown}
 V - a potion of magic {unknown}
Miscellaneous
 S - a piece from Xom's chessboard (15/15)


   Skills:
 * Level 9.6 Fighting
 - Level 1.4 Throwing
 + Level 5.4 Armour
 + Level 7.8 Dodging
 - Level 3.7 Stealth
 * Level 7.9 Shields
 * Level 7.8 Spellcasting
 * Level 8.5 Invocations


You had one spell level left.
You knew the following spells:

 Your Spells              Type           Power      Damage    Failure   Level
a - Foxfire               Conj/Fire      100%       2x1d9     1%          1
b - Scorch                Fire           100%       2d10      1%          2
c - Kindle Blastsparks    Fire/Tloc/Air  100%       2d18      2%          3
d - Inner Flame           Hex/Fire       68%        N/A       2%          3
e - Flame Wave            Conj/Fire      68%        2d15      9%          4
f - Summon Small Mammal   Summ           100%       N/A       1%          1
g - Passwall              Tmut/Erth      43%        N/A       1%          2
h - Ensorcelled Hibernat  Hex/Ice        100%       N/A       1%          2
i - Swiftness             Air            52%        N/A       2%          3
j - Animate Armour        Summ/Erth      100%       N/A       9%          4
Your spell library was empty.

Dungeon Overview and Level Annotations

Branches:
Dungeon (11/15)            Temple (1/1) D:5            Lair (0/5) D:9
    Orc (0/2) D:9           Sewer (visited)

Altars:
Ashenzari
Cheibriados
Dithmenos
Elyvilon
Fedhas
Gozag
Hepliaklqana
Makhleb
Nemelex Xobeh
Okawaru
Qazlal
Ru
Trog
Uskayaw
Wu Jian
Xom
Yredelemnul
Zin
The Shining One


Innate Abilities, Weirdness & Mutations

You are immune to sickness and miasma.
You are immune to poison.
Your flesh is very heat resistant. (rF++)
You are vulnerable to cold. (rC-)
You float through the air rather than walking.
You learn spells naturally, not from books.
Your magical power is your life essence.
You have superior vitality. (+4 MHP)


Message History

The flame wave engulfs the shadow!!
The shadow is severely damaged.
You finish channelling waves of flame.
The centaur warrior zombie barely misses you.
The centaur warrior zombie closely misses you.
You block the centaur warrior zombie's attack.
The centaur warrior zombie kicks you.
You block the centaur warrior zombie's attack. x2
The centaur warrior zombie completely misses you.
The centaur warrior zombie kicks you.
* * * LOW HITPOINT WARNING * * *
The centaur warrior zombie attacks as you move away!
The centaur warrior zombie hits you!
* * * LOW HITPOINT WARNING * * *
The centaur warrior zombie closely misses you.
The centaur warrior zombie attacks as you move away!
The centaur warrior zombie closely misses you.
The centaur warrior zombie misses you. The shadow attacks as you move away!
You block the shadow's attack.
Unknown command.
Unknown command.
The centaur warrior zombie attacks as you move away!
The centaur warrior zombie hits you!
* * * LOW HITPOINT WARNING * * *
You block the centaur warrior zombie's attack.
The shadow slips into darkness.
The shadow flickers and vanishes!
Deactivating autopickup; reactivate with Ctrl-A.
Unknown command.
Okay, then.
You feel better. The centaur warrior zombie hits you!
* * * LOW HITPOINT WARNING * * *
The centaur warrior zombie closely misses you.
Unknown command.
Unknown command.
You feel better.
It was a potion of attraction.
You feel attractive to monsters.
The shadow strikes at you from the darkness!
You die...

### #.. #.. #.. ###..
####### #...# #####.....#
#.#.# #..@..###.# #.#.#
###.#######.######.#.#
#..Z..................
.........#######.#####..###
.#####.### #[# #..# # ..
#.# #..# # ... #.#####..###
.... #...>....... .....
#..####.....


There were no monsters in sight!

Vanquished Creatures
  3 two-headed ogres
  Sonja (D:10)
  A cyclops (D:11)
  Maurice (D:10)
  4 centaur zombies (D:11)
  A gargoyle (D:11)
  A kobold demonologist (D:11)
  2 komodo dragons (D:9)
  2 trolls
  A hornet (D:9)
  A meliai zombie (D:11)
  2 vampires (D:11)
  6 shadows (D:11)
  3 wyverns
  29 yaks
  Eustachio (D:6)
  2 wraiths (D:11)
  2 basilisks (D:9)
  3 steam dragons
  3 acid dragons
  A water moccasin (D:7)
  3 sky beasts
  2 swamp drakes (D:9)
  3 ice beasts
  2 orc warriors (D:9)
  3 centaurs
  An ogre (D:7)
  A phantom (D:6)
  3 kobold brigands
  6 bullfrogs
  4 scorpions
  A gnoll sergeant (D:8)
  8 wights
  5 killer bees (D:8)
  3 howler monkeys (D:9)
  A hound (D:6)
  2 jellies
  A gnoll bouda (D:9)
  9 orc priests
  Crazy Yiuf (D:4)
  Jessica (D:3)
  6 iguanas
  11 orc wizards
  2 boggart zombies (D:11)
  17 gnolls
  13 adders
  A shadow imp (D:7)
  4 white imps
  4 worms
  2 dart slugs
  34 orcs
  6 bats
  15 endoplasms
  14 giant cockroaches
  8 goblins
  7 hobgoblins
  10 jackals
  14 kobolds
  18 quokkas
  13 ball pythons
  10 frilled lizards
  6 rats
345 creatures vanquished.

Vanquished Creatures (others)
  895 foxfires
  3 withered plants (D:11)
898 creatures vanquished.

Grand Total: 1243 creatures vanquished

Notes
Turn   | Place    | Note
-------+----------+-------------------------------------------
     0 | D:1      | arthad the Djinni Fire Elementalist began the quest for the
                  | Orb.
     0 | D:1      | arthad set off with the following spells memorised:
                  | Foxfire, Scorch, Kindle Blastsparks, Inner Flame, Flame
                  | Wave.
     0 | D:1      | Reached XP level 1. HP: 15/15 MP: 0/0
    81 | D:1      | Reached XP level 2. HP: 21/22 MP: 0/0
   277 | D:1      | Reached skill level 1 in Fighting
   463 | D:1      | Reached XP level 3. HP: 26/27 MP: 0/0
   463 | D:1      | Learned a level 1 spell: Summon Small Mammal
   740 | D:2      | Reached XP level 4. HP: 29/33 MP: 0/0
   783 | D:2      | Found a snail-covered altar of Cheibriados.
   793 | D:2      | Reached skill level 2 in Fighting
   990 | D:2      | Reached XP level 5. HP: 16/38 MP: 0/0
   990 | D:2      | Learned a level 2 spell: Passwall
  1178 | D:2      | You are sucked into a shaft and drop 1 floor!
  1523 | D:3      | Found a shadowy altar of Dithmenos.
  1541 | D:3      | Noticed Jessica
  1556 | D:3      | Killed Jessica
  1758 | D:3      | Reached XP level 6. HP: 42/45 MP: 0/0
  1779 | D:3      | Reached skill level 3 in Fighting
  2536 | D:4      | Found a glowing drain.
  2554 | Sewer    | Entered a sewer
  2752 | Sewer    | Reached XP level 7. HP: 48/50 MP: 0/0
  2752 | Sewer    | Learned a level 2 spell: Ensorcelled Hibernation
  2789 | Sewer    | Reached skill level 1 in Throwing
  3171 | D:4      | Reached skill level 4 in Fighting
  3222 | D:4      | Found a runed translucent door.
  3223 | D:4      | Noticed Crazy Yiuf
  3310 | D:4      | Killed Crazy Yiuf
  3367 | D:5      | Entered Level 5 of the Dungeon
  3371 | D:5      | Found a staircase to the Ecumenical Temple.
  3419 | Temple   | Entered the Ecumenical Temple
  3474 | Temple   | Became a worshipper of Makhleb the Destroyer
  3573 | D:5      | Found a stormy altar of Qazlal.
  3628 | D:5      | Reached XP level 8. HP: 57/58 MP: 0/0
  3840 | D:5      | Reached skill level 1 in Invocations
  4222 | D:6      | Noticed Eustachio
  4405 | D:6      | Reached skill level 5 in Fighting
  4439 | D:6      | Killed Eustachio
  4577 | D:6      | Reached skill level 1 in Shields
  4577 | D:6      | Reached XP level 9. HP: 53/65 MP: 0/0
  4577 | D:6      | Learned a level 3 spell: Swiftness
  4683 | D:6      | Reached skill level 5 in Spellcasting
  4801 | D:6      | Reached skill level 1 in Armour
  4804 | D:6      | Reached skill level 5 in Dodging
  5056 | D:7      | Found a broken altar of Ashenzari.
  5086 | D:7      | Found a glowing silver altar of Zin.
  5089 | D:7      | Found an iron altar of Okawaru.
  5109 | D:7      | Found an opulent altar of Gozag.
  5166 | D:7      | Reached * piety under Makhleb
  5178 | D:7      | Reached skill level 6 in Fighting
  5247 | D:7      | Reached XP level 10. HP: 54/73 MP: 0/0
  5478 | D:7      | Reached skill level 5 in Invocations
  5911 | D:8      | Found a sacrificial altar of Ru.
  5942 | D:8      | Reached ** piety under Makhleb
  5994 | D:8      | Reached skill level 7 in Fighting
  6096 | D:8      | Found a bloodstained altar of Trog.
  6324 | D:8      | Noticed a two-headed ogre
  6339 | D:8      | Killed a two-headed ogre
  6689 | D:8      | Reached skill level 5 in Shields
  6824 | D:8      | Reached XP level 11. HP: 40/79 MP: 0/0
  6824 | D:8      | Learned a level 4 spell: Animate Armour
  7401 | D:9      | Reached *** piety under Makhleb
  7420 | D:9      | Found a staircase to the Orcish Mines.
  7425 | D:9      | Noticed a two-headed ogre
  7437 | D:9      | Killed a two-headed ogre
  7438 | D:9      | Reached skill level 8 in Fighting
  8298 | D:9      | Found a staircase to the Lair.
  8371 | D:10     | Entered Level 10 of the Dungeon
  8737 | D:10     | Found a glowing golden altar of the Shining One.
  8815 | D:10     | Noticed Sonja
  8824 | D:10     | Killed Sonja
  8825 | D:10     | Reached XP level 12. HP: 28/88 MP: 0/0
  9104 | D:10     | Reached **** piety under Makhleb
  9184 | D:10     | Identified the +1 ring mail "Ituc" {-Tele Will++ Int+4}
  9217 | D:10     | Noticed Maurice
  9220 | D:10     | Noticed a two-headed ogre
  9229 | D:10     | Killed Maurice
  9230 | D:10     | Killed a two-headed ogre
  9759 | D:11     | Reached skill level 9 in Fighting
  9971 | D:11     | Reached skill level 5 in Armour
  9989 | D:11     | Noticed a sixfirhy
 10375 | D:11     | Reached ***** piety under Makhleb
 10610 | D:11     | Slain by a shadow

Illustrated notes

Levels and vault maps discovered:
D:1:      dpeg_arrival_simpleton_a, layout_rooms
D:2:      layout_basic, basic_altar, minmay_vboxes
D:3:      layout_loops_ring, nicolae_overflow_hidden_temple,
          kennysheep_crisscross, minmay_fractal_squares_diagonal_5, uniq_jessica
D:4:      layout_rooms, cheibrodos_sewer_entry_bend, uniq_crazy_yiuf_cottage
D:5:      layout_gridville, grunt_qazlal_clouds, temple_pool_b, dk_vineyard_1,
          nicolae_elevator_lobby_asterisk
D:6:      layout_cave_pools, uniq_eustachio
D:7:      layout_loops_ring, nicolae_overflow_hallway_of_the_gods,
          mainiacjoe_overflow_cross_hatched
D:8:      layout_basic, overflow_temple_1_default, trog_book
D:9:      layout_basic, erik_lair_dragon, erik_orc_1
D:10:     layout_irregular_city, lemuel_tele_altar, uniq_sonja, uniq_maurice,
          uniq_erica
D:11:     layout_rooms, serial_undead, serial_undead_c, serial_undead_b,
          serial_undead_d, serial_undead_b, serial_undead_a, serial_undead_c
Temple:   nicolae_temple_ecumenical_triangle

Skill      XL: |  1  2  3  4  5  6  7  8  9 10 11 12 |
---------------+-------------------------------------+-----
Fighting       | 1 2 3 4 5 6 7 8 9 |  9.6
Stealth        | 2 3 |  3.7
Spellcasting   | 3 4 5 6 7 |  7.8
Dodging        | 3 4 5 6 7 |  7.8
Throwing       | 1 |  1.4
Invocations    | 3 4 6 7 8 |  8.5
Shields        | 1 3 5 6 7 |  7.9
Armour         | 2 3 4 5 |  5.4

Action                   |  1- 3 |  4- 6 |  7- 9 | 10-12 || total
-------------------------+-------+-------+-------+-------++-------
Melee: Unarmed           |    16 |     6 |     1 |       ||    23
       Staff             |       |       |    14 |     5 ||    19
Throw: Dart              |       |       |       |     4 ||     4
 Cast: Foxfire           |    43 |   117 |   106 |   238 ||   504
       Scorch            |     1 |    12 |    44 |   153 ||   210
       Summon Small Mamm |       |     2 |       |     1 ||     3
       Kindle Blastspark |       |       |     2 |     4 ||     6
       Inner Flame       |       |       |     1 |    12 ||    13
       Flame Wave        |       |       |       |    11 ||    11
       Swiftness         |       |       |       |     1 ||     1
Evoke: Wand              |       |       |       |     2 ||     2
  Use: Scroll            |       |     5 |     3 |     8 ||    16
       Potion            |       |     4 |       |     5 ||     9
 Stab: Sleeping          |       |       |     1 |       ||     1
Armor: Robe              |     5 |    12 |     3 |       ||    20
       Leather armour    |       |       |     6 |    14 ||    20
       Acid dragon scale |       |       |       |    33 ||    33
Dodge: Dodged            |    14 |    22 |    16 |    99 ||   151
Block: Kite shield       |       |       |     9 |   101 ||   110

Table legend: (Time is in decaauts)
 A = Elapsed time spent in this place.
 B = Non-inter-level travel time spent in this place.
 C = Inter-level travel time spent in this place.
 D = Time resting spent in this place.
 E = Time spent auto-exploring this place.
 F = Levels seen in this place.
 G = Mean time per level.
                   A        B        C        D        E       F      G
               +--------+--------+--------+--------+--------+-----+--------+
         Total |  10616 |  10329 |    287 |   1344 |   6816 |  13 |  816.6 |
       Dungeon |  10283 |   9996 |    287 |   1344 |   6758 |  11 |  934.8 |
        Temple |     70 |     70 |      0 |      0 |     44 |   1 |   70.0 |
         Sewer |    262 |    262 |      0 |      0 |     14 |   1 |  262.0 |
               +--------+--------+--------+--------+--------+-----+--------+

Top non-repeatable levels by time:
     D:9: 1559 daAuts
    D:10: 1161 daAuts
     D:8: 1144 daAuts
     D:3: 1003 daAuts
     D:7: 933 daAuts
     D:2: 896 daAuts
     D:5: 875 daAuts
    D:11: 872 daAuts
     D:4: 659 daAuts
     D:6: 634 daAuts
     D:1: 543 daAuts
   Sewer: 262 daAuts
  Temple: 70 daAuts
